 Dungeon Crawl Stone Soup version 0.20-a0-941-gba1b1f9 (webtiles) character file.

29 Duffy the Magician (level 3, 24/24 HPs)
             Began as a Demonspawn Fire Elementalist on Apr 1, 2017.
             Quit the game on level 2 of the Dungeon.
             The game lasted 00:01:30 (1097 turns).

Duffy the Magician (Demonspawn Fire Elementalist)   Turns: 1097, Time: 00:01:31

Health: 24/24      AC:  5    Str:  8    XL:     3   Next: 1%
Magic:  7/7        EV: 12    Int: 17    God:
Gold:   84         SH:  0    Dex: 13    Spells: 6/7 levels left

rFire    . . .     SeeInvis .   e - +0 dagger
rCold    . . .     Gourm    .   (no shield)
rNeg     . . .     Faith    .   a - +0 robe
rPois    .         Spirit   .   (no helmet)
rElec    .         Reflect  .   g - +0 cloak
rCorr    .         Harm     .   (no gloves)
MR       .....                  (no boots)
Stlth    ++........             f - amulet of magic regeneration
Regen    0.1/turn               (no ring)
MPRegen  0.2/turn               (no ring)

@: no status effects
A: claws 1, icy blue scales 1
a: no special abilities


You were on level 2 of the Dungeon.
You were not hungry.

You visited 1 branch of the dungeon, and saw 2 of its levels.

You collected 84 gold pieces.

Inventory:

Hand Weapons
 e - a +0 dagger (weapon)
Armour
 a - a +0 robe (worn)
 g - a +0 cloak (worn)
Jewellery
 f - an amulet of magic regeneration (around neck)
Scrolls
 d - 3 scrolls of remove curse {unknown}
 h - a scroll of noise {unknown}
 j - a scroll of magic mapping {unknown}
 k - a scroll of immolation {unknown}
Potions
 i - 2 potions of resistance {unknown}
Books
 b - a book of Flames

   Spells                             Type                      Level
   a - Flame Tongue                   Conjuration/Fire             1
   b - Throw Flame                    Conjuration/Fire             2
   c - Conjure Flame                  Conjuration/Fire             3
   d - Inner Flame                    Hexes/Fire                   3
   e - Sticky Flame                   Conjuration/Fire             4
   f - Fireball                       Conjuration/Fire             5
Comestibles
 c - a bread ration


   Skills:
 - Level 1.7 Dodging
 - Level 1.7 Stealth
 + Level 2.7 Spellcasting
 + Level 2.1 Conjurations
 - Level 2.6 Fire Magic


You had 6 spell levels left.
You knew the following spells:

 Your Spells              Type           Power        Failure   Level  Hunger
h - Flame Tongue          Conj/Fire      ##...        10%         1    #......


Dungeon Overview and Level Annotations

Branches:
Dungeon (2/15)

Altars:


Innate Abilities, Weirdness & Mutations

You have sharp fingernails.
You are partially covered in icy blue scales. (AC +2)


Message History

The flame tongue hits the leopard gecko.
You kill the leopard gecko!
You have reached level 3!
Your experience leads to an increase in your attributes!
Increase (S)trength, (I)ntelligence, or (D)exterity?
You feel clever.
Your demonic ancestry asserts itself...
Your fingernails lengthen.
Found 12 poisoned needles.
You see here a club.
Found 14 gold pieces.
You see here a leopard gecko corpse.
You butcher the leopard gecko corpse.
k - a chunk of flesh Eat a chunk of flesh? (ye/n/q)
You eat the chunk of flesh.
This raw flesh tastes terrible.
You now have 76 gold pieces (gained 6).
You now have 84 gold pieces (gained 8).
You see here a club.
k - a scroll labeled UTTEFISEILL Are you sure you want to abandon this character and quit the game? (Confirm with "yes".)

#..###...## #.#
........(.######.##
#............##)..#
#.##......##.##...#
#.#...###..)..<#
#.##.## ####..## #
#.# #..# ... #>.#
##.. #.@# ##.# #..#
....# ####>. ...
.### . #.


There were no monsters in sight!

Vanquished Creatures
  2 leopard geckos
  2 bats (D:1)
  A giant cockroach (D:1)
  7 hobgoblins
  3 jackals (D:1)
  A kobold (D:1)
  3 frilled lizards (D:1)
  2 goblins
  2 rats (D:1)
23 creatures vanquished.

Notes
Turn   | Place    | Note
-------+----------+-------------------------------------------
     0 | D:1      | Duffy the Demonspawn Fire Elementalist began the quest for the Orb.
     0 | D:1      | Reached XP level 1. HP: 13/13 MP: 3/3
   294 | D:1      | Gained mutation: You are partially covered in icy blue scales. (AC +2) [demonic ancestry]
   294 | D:1      | Reached XP level 2. HP: 19/19 MP: 3/5
  1044 | D:2      | Gained mutation: You have sharp fingernails. [demonic ancestry]
  1044 | D:2      | Reached XP level 3. HP: 24/24 MP: 2/7
  1097 | D:2      | Quit the game

Vault maps used:
D:1:      dpeg_arrival_round_b, minmay_misc_feat_four_crosses,
          minmay_pentomino_x4
D:2:      lemuel_blue_sif_altar

Skill      XL: |  1  2 |
---------------+-------+-----
Conjurations   | 2 |  2.1
Dodging        | |  1.7
Stealth        | |  1.7
Spellcasting   | |  2.7
Fire Magic     | |  2.6

Action                   || total
-------------------------++-------
Melee: Dagger            ||     6
 Cast: Flame Tongue      ||    30
  Eat: Chunk             ||     1
Armor: Robe              ||     3
Dodge: Dodged            ||     9
